 Dungeon Crawl Stone Soup version 0.28-a0-691-gad6df49e81 (webtiles) character file.

Game seed: 4384527170508041680

70 mordus the Shield-Bearer (level 4, -4/35 HPs)
             Began as a Formicid Fighter on Oct 21, 2021.
             Slain by Sigmund (6 damage)
             ... on level 2 of the Dungeon.
             The game lasted 00:01:05 (1716 turns).

mordus the Shield-Bearer (Formicid Fighter)         Turns: 1716, Time: 00:01:06

Health: -4/35      AC:  9    Str: 22    XL:     4   Next: 44%
Magic:  4/4        EV:  9    Int:  7    God:
Gold:   68         SH:  4    Dex: 10    Spells: 3/3 levels left

rFire   . . .      SeeInvis +   a - +0 flail
rCold   . . .      Faith    .   c - +0 buckler
rNeg    . . .      Spirit   .   b - +0 scale mail
rPois   .          Reflect  .   (helmet unavailable)
rElec   .          Harm     .   (no cloak)
rCorr   .          Rampage  .   (no gloves)
Will    .....                   f - +1 pair of boots
Stlth   ..........              (no amulet)
HPRegen 0.11/turn               (no ring)
MPRegen 0.09/turn               (no ring)

@: no status effects
A: permanent stasis, dig shafts and tunnels, antennae 3, four strong arms
a: Dig, Shaft Self


You were on level 2 of the Dungeon.
You visited 1 branch of the dungeon, and saw 2 of its levels.

You collected 68 gold pieces.

Inventory:

Hand Weapons
 a - a +0 flail (weapon)
Armour
 b - a +0 scale mail (worn)
 c - a +0 buckler (worn)
 f - a +1 pair of boots (worn)
Jewellery
 i - a ring of ice
Scrolls
 g - 3 scrolls of identify {unknown}
 h - a scroll of enchant weapon {unknown}
Potions
 d - a potion of might
 e - a potion of curing {unknown}


   Skills:
 - Level 3.2 Fighting
 * Level 3.4 Maces & Flails
 + Level 3.8 Armour
 + Level 4.3 Shields


You had 3 spell levels left.
You didn't know any spells.
Your spell library contained the following spells:

 Spells                   Type           Power      Damage    Failure   Level
 Slow                     Hex            0%         N/A       87%         2
 Confusing Touch          Hex            0%         N/A       98%         3
 Yara's Violent Unravell  Hex/Tmut       0%         3d3       100%        5


Dungeon Overview and Level Annotations

Branches:
Dungeon (2/15)

Altars:

Shops:
D:1 (

Annotations:
D:2 Sigmund


Innate Abilities, Weirdness & Mutations

You cannot be hasted, slowed, berserked, paralysed or teleported.
You can dig through walls and to a lower floor.
You have a pair of large antennae on your head. (SInv)
Your four strong arms can wield two-handed weapons with a shield.


Message History

Sigmund is moderately wounded.
Sigmund barely misses you.
You barely miss Sigmund.
Sigmund is moderately wounded.
You closely miss Sigmund.
Sigmund is moderately wounded.
Sigmund hits you but does no damage.
You barely miss Sigmund.
Sigmund is moderately wounded.
Sigmund casts a spell at you.
You are confused.
You thump Sigmund!
Sigmund is severely wounded.
Sigmund hits you but does no damage.
You bump into the rock wall.
Sigmund points at you and mumbles some strange words.
You resist with some effort.
You bump into the rock wall.
Sigmund points at you and mumbles some strange words.
The puff of flame hits you but does no damage.
You bump into the rock wall.
Sigmund casts a spell at you. You resist with some effort.
You hit Sigmund.
Sigmund is severely wounded.
You feel less confused.
Sigmund hits you with a +2 vampiric scythe.
Sigmund draws strength from your wounds!
You closely miss Sigmund.
Sigmund is severely wounded.
Sigmund hits you but does no damage.
You hit Sigmund.
Sigmund is severely wounded.
Sigmund hits you with a +2 vampiric scythe!
* * * LOW HITPOINT WARNING * * *
Sigmund draws strength from your wounds!
You closely miss Sigmund.
Sigmund is heavily wounded.
Sigmund hits you with a +2 vampiric scythe.
You die...

#.# #.# ##### #######.#
#.... ........###.###
#######........
...#####..........
...........###.###
.###.###########.#......
......@@.......(........
.###.#.##.######.#......
#. #.# #.#...#.. #. #.#
#.#...### .. ..#
#.#...... .. ######
#.....### ... {
....###...#.. #..
..........#..
###.##...##..


You could see Sigmund (invisible).

Vanquished Creatures
  2 adders (D:2)
  A worm (D:2)
  A dart slug (D:1)
  5 ball pythons (D:1)
  An endoplasm (D:1)
  2 giant cockroaches
  6 goblins
  4 hobgoblins (D:1)
  3 jackals (D:2)
  2 quokkas (D:1)
  A bat (D:1)
  3 frilled lizards
  6 kobolds (D:1)
  10 rats (D:1)
  A spectral kobold (D:1)
48 creatures vanquished.

Notes
Turn   | Place    | Note
-------+----------+-------------------------------------------
     0 | D:1      | mordus the Formicid Fighter began the quest for the Orb.
     0 | D:1      | Reached XP level 1. HP: 18/18 MP: 1/1
   141 | D:1      | Reached XP level 2. HP: 18/24 MP: 2/2
   463 | D:1      | Reached XP level 3. HP: 15/29 MP: 3/3
   693 | D:1      | Reached skill level 4 in Shields
   793 | D:1      | Found Viptuawe's Weapon Emporium.
   988 | D:1      | Found a faded altar of an unknown god.
  1453 | D:2      | Reached XP level 4. HP: 29/35 MP: 4/4
  1693 | D:2      | Noticed Sigmund
  1716 | D:2      | Slain by Sigmund

Illustrated notes

Levels and vault maps discovered:
D:1:      elethiomel_arrival_diamonds, layout_basic,
          dreamdust_ecumenical_altar_drowned_temple, serial_shops,
          nicolae_shop_window_shopping, st_stairs_1
D:2:      layout_basic, uniq_sigmund

Skill      XL: |  1  2  3 |
---------------+----------+-----
Shields        | 4 |  4.3
Maces & Flails | 3 |  3.4
Fighting       | |  3.2
Armour         | |  3.8

Action                   |  1- 3 |  4- 6 || total
-------------------------+-------+-------++-------
Melee: Flail             |   108 |    37 ||   145
Armor: Scale mail        |    53 |    14 ||    67
Dodge: Dodged            |    65 |    12 ||    77
Block: Buckler           |    20 |    11 ||    31

Table legend: (Time is in decaauts)
 A = Elapsed time spent in this place.
 B = Non-inter-level travel time spent in this place.
 C = Inter-level travel time spent in this place.
 D = Time resting spent in this place.
 E = Time spent auto-exploring this place.
 F = Levels seen in this place.
 G = Mean time per level.
                   A        B        C        D        E       F      G
               +--------+--------+--------+--------+--------+-----+--------+
         Total |   1759 |   1742 |     17 |    178 |   1223 |   2 |  879.5 |
       Dungeon |   1759 |   1742 |     17 |    178 |   1223 |   2 |  879.5 |
               +--------+--------+--------+--------+--------+-----+--------+

Top non-repeatable levels by time:
     D:1: 1354 daAuts
     D:2: 405 daAuts
